 Dungeon Crawl Stone Soup version 0.31-a0-960-g0fca184906 (webtiles) character file.

Game seed: 10514543427818270536

97889 skwerlee the Severer (level 16, -3/111 HPs)
             Began as a Gargoyle Berserker on Oct 23, 2023.
             Was a High Priest of Trog.
             Slain by a caustic shrike simulacrum (9 damage)
             ... in an ice cave.
             The game lasted 01:27:41 (26110 turns).

skwerlee the Severer (Gargoyle Berserker)          Turns: 26110, Time: 01:27:41

Health: -3/111     AC: 34    Str: 32    XL:     16   Next: 20%
Magic:  5/5        EV: 17    Int: 12    God:    Trog [*****.]
Gold:   1602       SH:  0    Dex:  9    Spells: 15/15 levels left

rFire   + + .        m - +9 battleaxe (antimagic)
rCold   + + .        (shield currently unavailable)
rNeg    + . .        S - +5 plate armour {rC+}
rPois   ∞            c - +2 helmet {Int+3}
rElec   +            o - +0 cloak
rCorr   .            C - +2 pair of gloves
SInv    .            v - +2 pair of slick slippers {slick, slippery, EV+4}
Will    +....        i - amulet of faith Stlth
                     I - ring of Devotion {*Corrode rF++ rC+ Str+4}
HPRegen 0.38/turn    q - +5 ring of evasion
MPRegen 0.09/turn

%: corrode self (3%), faith
@: corroded, flying
A: sickness immunity, AC +12, big wings, negative energy resistance 1,
electricity resistance, torment resistance 1, petrification resistance
a: Renounce Religion, Berserk, Trog's Hand, Brothers in Arms


You were in an ice cave.
You worshipped Trog.
Trog was extremely pleased with you.
You visited 4 branches of the dungeon, and saw 22 of its levels.
You also visited: Ossuary and Ice Cave.

You collected 2399 gold pieces.
You spent 797 gold pieces at shops.

Inventory:

Hand Weapons
 m - a +9 antimagic battleaxe (weapon)
 R - a +6 war axe of flaming
Armour
 c - a +2 helmet of intelligence (worn)
 o - a +0 cloak (worn)
 v - the +2 pair of slick slippers (worn) {slick, slippery, EV+4}
   (You acquired it in an ice cave)

   Slick:     Its wearer cannot be constricted, engulfed, netted or webbed.
   Slippery:  Its wearer slips away from damaging melee attacks, pulling the
   attacker onward.
   EV+4:      It affects your evasion (+4).
 C - a +2 pair of gloves (worn)
 S - a +5 plate armour of cold resistance (worn)
Jewellery
 i - an amulet of faith (around neck)
 q - a +5 ring of evasion (right hand)
 t - a ring of willpower
 x - a ring of positive energy
 F - a +4 ring of protection
 I - the ring of Devotion (left hand) {*Corrode rF++ rC+ Str+4}
   (You acquired it on level 2 of the Lair of Beasts)

   [ring of protection from cold]

   Str+4:     It affects your strength (+4).
   rF++:      It greatly protects you from fire.
   rC+:       It protects you from cold.
   *Corrode:  It may corrode you when you take damage.
 J - a ring of magical power
 N - an amulet of regeneration
 V - the ring "Ugit" {rF+ Int-5 Dex+4}
   (You found it on level 12 of the Dungeon)

   [ring of protection from fire]

   Int-5:     It affects your intelligence (-5).
   Dex+4:     It affects your dexterity (+4).
   rF+:       It protects you from fire.
 W - a ring of see invisible
 X - a ring of fire
 Z - a +5 ring of evasion
Wands
 j - a wand of flame (7)
 u - a wand of paralysis (16)
 y - a wand of roots (8)
 E - a wand of mindburst (18)
 L - a wand of digging (10)
 T - a wand of acid (2)
Scrolls
 a - a scroll of revelation
 l - 4 scrolls of teleportation
 s - 5 scrolls of poison
 B - 3 scrolls of fear
 D - 4 scrolls of immolation
 K - 3 scrolls of identify
 Q - a scroll of fog
 U - a scroll of enchant weapon
Potions
 b - 3 potions of might
 d - 3 potions of lignification
 e - 3 potions of heal wounds
 f - 2 potions of invisibility
 g - 3 potions of haste
 k - 4 potions of curing
 n - a potion of cancellation {unknown}
 r - 4 potions of enlightenment
 w - 8 potions of mutation
 A - 2 potions of berserk rage
 H - 3 potions of ambrosia
 O - 2 potions of attraction
Miscellaneous
 Y - a tin of tremorstones (2/2)


   Skills:
 + Level 16.5 Fighting
 - Level 20.0 Axes
 - Level 4.5 Armour
 - Level 1.5 Dodging
 - Level 1.0 Evocations
 - Level 8.0 Shapeshifting


You had 15 spell levels left.
You didn't know any spells.
Your spell library was empty.

Dungeon Overview and Level Annotations

Branches:
Dungeon (12/15)            Temple (0/1) D:5            Lair (5/5) D:10
  Swamp (0/4) Lair:3       Spider (3/4) Lair:3        Slime (0/5) Lair:4
    Orc (2/2) D:10            Elf (0/3) Orc:2       Ossuary (visited)
  IceCv (1/1)

Altars:
Ashenzari
Cheibriados
Elyvilon
Fedhas
Gozag
Nemelex Xobeh
Qazlal
Ru
Trog
Yredelemnul
Zin

Shops:
D:2 *   D:11 ?   Orc:2 [?([

Annotations:
D:7 2 transporters, Zonian's ghost, novice DEHW


Innate Abilities, Weirdness & Mutations

You are immune to sickness and miasma.
Your stone body is resilient. (AC +12)
You are immune to poison.
Your large and strong wings let you fly.
You resist negative energy. (rN+)
You are resistant to electric shocks. (rElec)
You are resistant to unholy torment.
You are immune to petrification.


Message History

You slice the bog body!!
You destroy the bog body!
Trog accepts your kill.
Trog appreciates your killing of a magic user.
A caustic shrike simulacrum comes into view.
You see here a bog body corpse.
The caustic shrike simulacrum closely misses you.
The caustic shrike simulacrum claws you!
The caustic shrike simulacrum freezes you!
You resist.
You hit the caustic shrike simulacrum.
The caustic shrike simulacrum is lightly damaged.
The caustic shrike simulacrum claws you but does no damage.
You closely miss the caustic shrike simulacrum.
The caustic shrike simulacrum is lightly damaged.
The caustic shrike simulacrum claws you!
The caustic shrike simulacrum freezes you!
You resist.
The caustic shrike simulacrum claws you!
Your corrosive artefact corrodes you!
The caustic shrike simulacrum freezes you!
You resist.
* * * LOW HITPOINT WARNING * * *
Okay, then.
Okay, then.
Okay, then.
You slash the caustic shrike simulacrum!
The caustic shrike simulacrum is moderately damaged.
The caustic shrike simulacrum claws you!
* * * LOW HITPOINT WARNING * * *
The caustic shrike simulacrum freezes you!
You resist.
* * * LOW HITPOINT WARNING * * *
You slash the caustic shrike simulacrum!
The caustic shrike simulacrum is heavily damaged.
The caustic shrike simulacrum claws you.
* * * LOW HITPOINT WARNING * * *
The caustic shrike simulacrum freezes you!
You resist.
You die...

##########
#.Z@##...#######
#...##†..##...#..#
# .....
########..# ####
.⌠.. #..#####...
... ###..#...#. #.
###..#### # ####


You could see a caustic shrike simulacrum.

Vanquished Creatures
  An emperor scorpion (Spider:1)
  An orc warlord (Orc:2)
  A spark wasp (Spider:1)
  Snorg (Orc:1)
  5 hydras
  A catoblepas (Lair:2)
  8 jorogumos (Spider:1)
  Erica (D:10)
  A boulder beetle (Lair:3)
  A demonic crawler (Spider:1)
  4 death yaks (Lair:3)
  2 two-headed ogres (D:11)
  7 orc high priests
  The ghost of hgbash the Ruffian, a novice TrSh of Hepliaklqana (D:8)
  5 pharaoh ants
  2 skysharks
  2 bog bodies
  An orb spider (Spider:3)
  5 spriggan simulacra (IceCv)
  Pikel (D:8)
  A steelbarb worm (Spider:2)
  5 wolf spiders
  An orc knight (Orc:1)
  3 orc sorcerers
  23 elephants
  2 cyclopes
  9 black mambas
  Maurice (D:9)
  A guardian serpent (Lair:5)
  6 torpor snails
  18 cane toads
  A gargoyle (D:12)
  5 rime drakes
  An unseen horror (D:11)
  5 komodo dragons
  4 polar bears
  3 meliai (Spider:3)
  9 trolls
  2 hornets (Lair:5)
  4 tarantellas
  Prince Ribbit (D:7)
  16 blink frogs
  19 dream sheep
  4 culicivoras
  2 vampires
  8 jumping spiders
  2 wraiths
  48 yaks
  14 wyverns
  Grum (D:9)
  3 steam dragons
  6 basilisks
  A minotaur simulacrum (IceCv)
  20 redbacks
  Menkaure (D:7)
  An acid dragon (D:12)
  22 water moccasins
  31 orc warriors
  An ice beast (D:6)
  4 sky beasts
  3 black bears
  6 ogres
  3 centaurs
  23 wolves
  3 phantoms (D:5)
  A lemure (D:8)
  4 kobold brigands
  17 bullfrogs
  A gnoll sergeant (D:10)
  2 deep troll simulacra (IceCv)
  7 scorpions
  13 wights
  18 killer bees
  A howler monkey (D:12)
  2 electric eels
  7 hounds
  A gnoll bouda (D:5)
  28 orc priests
  A jelly (D:5)
  Terence (D:2)
  A sleepcap (D:5)
  Natasha (thrice) (D:2)
  3 iguanas
  32 orc wizards
  13 mummies
  9 adders
  5 gnolls (D:10)
  2 shadow imps
  2 white imps (D:5)
  3 worms
  2 dart slugs
  76 orcs
  13 endoplasms
  A giant cockroach (D:1)
  3 goblins
  2 hobgoblins
  2 jackals (D:1)
  3 quokkas
  8 ball pythons
  5 bats
  7 frilled lizards
  3 gnoll skeletons (Ossuary)
  3 goblin skeletons (Ossuary)
  26 kobolds
  A kobold skeleton (Ossuary)
  An orc skeleton (Ossuary)
  8 rats
  11 rat skeletons (Ossuary)
750 creatures vanquished.

Vanquished Creatures (collateral kills)
  Joseph (D:7)
  An orc warrior (Orc:2)
  An ogre (Orc:2)
  A kobold brigand (D:7)
  2 orc priests (Orc:2)
  2 orc wizards (Orc:2)
  2 orcs (Orc:2)
10 creatures vanquished.

Vanquished Creatures (others)
  A ghost moth (Spider:3)
  A butterfly (Lair:4)
2 creatures vanquished.

Grand Total: 762 creatures vanquished

Notes
Turn   | Place    | Note
-------+----------+-------------------------------------------
     0 | D:1      | skwerlee the Gargoyle Berserker began the quest for the
                  | Orb.
     0 | D:1      | Reached XP level 1. HP: 14/14 MP: 1/1
   128 | D:1      | Reached XP level 2. HP: 12/19 MP: 2/2
   130 | D:1      | Reached skill level 3 in Axes
   641 | D:1      | Reached XP level 3. HP: 23/24 MP: 3/3
   812 | D:1      | Reached ** piety under Trog
   979 | D:2      | Found Bujiebos's Assorted Antiques.
  1006 | D:2      | Bought a golden potion for 17 gold pieces
  1006 | D:2      | Bought a clear potion for 17 gold pieces
  1009 | D:2      | Noticed Terence
  1016 | D:2      | Killed Terence
  1017 | D:2      | Reached skill level 4 in Axes
  1017 | D:2      | Reached XP level 4. HP: 29/29 MP: 4/4
  1149 | D:2      | Found a faded altar of an unknown god.
  1213 | D:2      | Noticed Natasha
  1222 | D:2      | Killed Natasha
  1304 | D:2      | Noticed Natasha
  1316 | D:2      | Killed Natasha
  1317 | D:2      | Reached XP level 5. HP: 15/34 MP: 5/5
  1671 | D:2      | Noticed a phantom
  1787 | D:2      | Noticed Natasha
  1797 | D:2      | Killed Natasha
  2021 | D:3      | Reached skill level 5 in Axes
  2322 | D:3      | Reached XP level 6. HP: 36/39 MP: 6/6
  2790 | D:3      | Found a stormy altar of Qazlal.
  2790 | D:3      | Found a sacrificial altar of Ru.
  2795 | D:3      | Found a basalt altar of Yredelemnul.
  3028 | D:4      | Reached *** piety under Trog
  3034 | D:4      | Reached skill level 5 in Fighting
  3034 | D:4      | Reached skill level 6 in Axes
  3034 | D:4      | Reached skill level 1 in Shapeshifting
  3034 | D:4      | Reached XP level 7. HP: 44/44 MP: 7/7
  3360 | D:4      | Found a glowing silver altar of Zin.
  3385 | D:4      | Found a blossoming altar of Fedhas.
  3426 | D:5      | Entered Level 5 of the Dungeon
  3437 | D:5      | Found an opulent altar of Gozag.
  3499 | D:5      | Reached skill level 7 in Axes
  3587 | D:5      | Reached XP level 8. HP: 49/50 MP: 8/8
  3682 | D:5      | Found a staircase to the Ecumenical Temple.
  3830 | D:5      | Found a sand-covered staircase.
  3837 | D:5      | Reached **** piety under Trog
  3848 | Ossuary  | Entered an ossuary
  4493 | D:5      | Reached skill level 8 in Axes
  4860 | D:6      | Reached ***** piety under Trog
  5072 | D:6      | Found a sparkling altar of Nemelex Xobeh.
  5091 | D:6      | Reached XP level 9. HP: 22/56 MP: 9/9
  5439 | D:6      | Reached skill level 9 in Axes
  5804 | D:7      | Noticed Menkaure
  5814 | D:7      | Killed Menkaure
  5914 | D:7      | Found a sacrificial altar of Ru.
  6003 | D:7      | Noticed Prince Ribbit
  6004 | D:7      | Noticed Joseph
  6010 | D:7      | Killed Joseph
  6011 | D:7      | Reached skill level 10 in Axes
  6016 | D:7      | Killed Prince Ribbit
  6340 | D:7      | Found a white marble altar of Elyvilon.
  6387 | D:7      | Received a gift from Trog
  6444 | D:7      | Reached XP level 10. HP: 61/63 MP: 3/10
  6595 | D:7      | Found a transporter.
  6597 | D:7      | Found a transporter.
  6598 | D:7      | Noticed a two-headed ogre
  6599 | D:7      | Noticed a moth of wrath
  6603 | D:7      | Found a bloodstained altar of Trog.
  6624 | D:7      | Noticed Zonian's ghost (novice DEHW)
  7001 | D:8      | Reached skill level 11 in Axes
  7080 | D:8      | Noticed hgbash's ghost (novice TrSh)
  7083 | D:8      | Found a transporter.
  7088 | D:8      | Found a transporter.
  7803 | D:8      | Noticed Pikel
  7816 | D:8      | Killed Pikel
  8212 | D:8      | Killed hgbash's ghost
  8213 | D:8      | Reached skill level 12 in Axes
  8213 | D:8      | Reached skill level 5 in Shapeshifting
  8316 | D:9      | Reached XP level 11. HP: 53/69 MP: 3/11
  8469 | D:9      | Noticed Maurice
  8484 | D:9      | Killed Maurice
  8605 | D:9      | Found a broken altar of Ashenzari.
  8893 | D:9      | Noticed Grum
  8905 | D:9      | Killed Grum
  9053 | D:10     | Entered Level 10 of the Dungeon
  9066 | D:10     | Noticed Erica
  9080 | D:10     | Killed Erica
  9170 | D:10     | Reached skill level 13 in Axes
  9458 | D:10     | Found a staircase to the Lair.
  9494 | D:10     | You fall into a shaft and drop 1 floor!
  9659 | D:10     | Found a staircase to the Orcish Mines.
  9893 | Lair:1   | Entered Level 1 of the Lair of Beasts
 10028 | Lair:1   | Reached skill level 10 in Fighting
 10262 | Lair:1   | Received a gift from Trog
 10263 | Lair:1   | Reached XP level 12. HP: 67/77 MP: 4/12
 10535 | Lair:1   | Found a snail-covered altar of Cheibriados.
 10657 | Lair:1   | Reached skill level 14 in Axes
 11470 | Lair:2   | Noticed a catoblepas
 11664 | Lair:2   | Killed a catoblepas
 11681 | Lair:2   | Reached skill level 15 in Axes
 12153 | Lair:2   | Reached XP level 13. HP: 83/84 MP: 4/13
 12950 | Lair:3   | Identified the "Otitsoyw"
 13028 | Lair:3   | Found a staircase to the Swamp.
 13660 | Lair:3   | Identified the +1 robe "Xusmaone" {*Corrode rElec Will+++
                  | Archmagi}
 13691 | Lair:3   | Received a gift from Trog
 13724 | Lair:3   | Reached skill level 16 in Axes
 14120 | Lair:3   | Reached skill level 1 in Evocations
 14180 | Lair:3   | Found a hole to the Spider Nest.
 14797 | Lair:2   | Identified a scroll of acquirement
 14797 | Lair:2   | Acquired the ring of Devotion {*Corrode rF++ rC+ Str+4}
 15670 | Lair:4   | Gained mutation: Your large and strong wings let you fly.
                  | [Gargoyle growth]
 15670 | Lair:4   | Reached XP level 14. HP: 90/92 MP: 4/14
 15916 | Lair:4   | Found a staircase to the Slime Pits.
 16021 | Lair:4   | Reached skill level 17 in Axes
 16587 | Lair:5   | Entered Level 5 of the Lair of Beasts
 16591 | Lair:5   | Received a gift from Trog
 17767 | Lair:5   | Reached skill level 18 in Axes
 18691 | Lair:5   | Reached XP level 15. HP: 93/100 MP: 5/15
 19267 | Orc:1    | Entered Level 1 of the Orcish Mines
 20222 | Orc:2    | Entered Level 2 of the Orcish Mines
 20259 | Orc:2    | Reached ****** piety under Trog
 20264 | Orc:2    | Received a gift from Trog
 20266 | Orc:2    | Noticed an orc warlord
 20344 | Orc:2    | Noticed Snorg
 20359 | Orc:2    | Killed an orc warlord
 20428 | Orc:1    | HP: 5/100 [Snorg (2)]
 20711 | Orc:1    | Killed Snorg
 21120 | Orc:2    | Reached skill level 19 in Axes
 21172 | Orc:2    | Received a gift from Trog
 21487 | Orc:2    | Found a staircase to the Elven Halls.
 21608 | Orc:2    | Found Faudorus's Antique Armour Shop.
 21608 | Orc:2    | Found Cafimeja's Weapon Boutique.
 21609 | Orc:2    | Found Isteynueva's Armour Boutique.
 21613 | Orc:2    | Found Egeusaz's Magic Scroll Shop.
 21667 | Orc:2    | Bought a scroll of teleportation for 33 gold pieces
 21667 | Orc:2    | Bought a scroll of revelation for 82 gold pieces
 21669 | Orc:2    | Bought a +2 helmet of intelligence for 236 gold pieces
 21671 | Orc:2    | Bought a pair of runed boots for 240 gold pieces
 22049 | D:11     | Found Cipseich's Magic Scroll Shop.
 22060 | D:11     | Bought a scroll of fog for 60 gold pieces
 22060 | D:11     | Bought a scroll of enchant armour for 112 gold pieces
 22919 | D:12     | Identified the ring "Ugit" {rF+ Int-5 Dex+4}
 23646 | Spider:1 | Entered Level 1 of the Spider Nest
 23864 | Spider:1 | Reached skill level 15 in Fighting
 23867 | Spider:1 | Noticed an emperor scorpion
 23880 | Spider:1 | Killed an emperor scorpion
 24418 | Spider:1 | Received a gift from Trog
 25307 | Spider:2 | Reached skill level 20 in Axes
 25307 | Spider:2 | Reached XP level 16. HP: 108/108 MP: 5/16
 25351 | Spider:2 | You are sucked into a shaft and drop 1 floor!
 25351 | IceCv    | Identified the "Xotof"
 25351 | Spider:3 | Found a frozen archway.
 25736 | IceCv    | Entered an ice cave
 25965 | IceCv    | Acquired the +2 pair of slick slippers {slick, slippery,
                  | EV+4}
 25965 | IceCv    | Found the +2 pair of slick slippers {slick, slippery, EV+4}
 26110 | IceCv    | Slain by a caustic shrike simulacrum

Illustrated notes

Levels and vault maps discovered:
D:1:      mrwooster_arrival_statue_3, layout_loops_ring, minmay_misc_feat_x,
          st_stairs_3, supply_closet_lemuel
D:2:      layout_basic, serial_shops, shop, serial_glass, glass_columns_a,
          glass_columns_b, hellmonk_ecumenical_altar_inner_sanctum,
          lightli_corner_chamber, uniq_natasha, uniq_terence
D:3:      layout_loops_ring, minitemple
D:4:      layout_cave_pools, kennysheep_mini, zin_statuary,
          amcnicky_mini_rare_corridor_liquid, lexackson_kobold_supper
D:5:      layout_cave_pools, nicolae_gozag_seed_capital,
          minmay_temple_entry_water_ring, gup_ossuary_entry_pyramid,
          minmay_between
D:6:      layout_cave_pods, nemelex_dance_club_becter
D:7:      layout_basic, elyvilon_altar_3, gammafunk_ghost_wrathful_warriors,
          grunt_decor_fettered, minmay_misc_feat_four_crosses,
          minmay_ruined_shrine, uniq_prince_ribbit1, uniq_menkaure, uniq_joseph
D:8:      layout_loops_corners, gammafunk_ghost_hive, uniq_pikel
D:9:      layout_roguey, cheibrodos_ashenzari_chains, uniq_maurice, uniq_grum
D:10:     nicolae_cairo_tiling_large_dashed, layout_small_grid,
          kennysheep_generic_room_13, uniq_erica
D:11:     layout_basic, serial_shops, shop
D:12:     layout_loops_ring
Lair:1:   layout_loops_ring, kennysheep_snail_temple
Lair:2:   layout_small_grid, beast_lair_carwin_2, serial_bayou_shore_a,
          grunt_megastairs_5
Lair:3:   nzn_winding_woodlands_cross [nzn_winding_woodlands_5x15_crooked,
          nzn_winding_woodlands_5x15_jagged,
          nzn_winding_woodlands_5x15_pathside_ponds,
          nzn_winding_woodlands_5x15_parted,
          nzn_winding_woodlands_15x15_eel_pit], layout_regular_city,
          skrybe_swamp_entry_bodies, nicolae_spider_entry_lesser_pyramids,
          pdpol_lair_cavern_descent
Lair:4:   layout_gridlike, dpeg_slime_entry_enclosed, lemuel_fruit_fields,
          grunt_megastairs_3
Lair:5:   hangedman_lair_tendril_chambers, layout_long_grid, lemuel_fruit_tree,
          infiniplex_staircase_pool_2
Spider:1: layout_spider_delve, drop_trap, nicolae_spider_world_wide_web
Spider:2: layout_chambers, nicolae_spider_cling_halls
Spider:3: cheibrodos_spider_deadly_dance, portal_ice_cave_entry_pillars_four
Orc:1:    nicolae_orc_accident_1, layout_caves
Orc:2:    st_orc_mages, layout_diamond_mine, uniq_snorg
IceCv:    ice_cave_caverns_01

Skill      XL: |  1  2  3  4  5  6  7  8  9 10 11 12 13 14 15 16 |
---------------+-------------------------------------------------+-----
Axes           | 3 4 5 6 7 8 10 12 13 15 16 18 20 | 20.0
Fighting       | 4 5 6 7 8 10 11 12 14 15 16 | 16.5
Shapeshifting  | 1 3 4 5 6 7 8 |  8.0
Evocations     | 1 |  1.0
Armour         | 4 |  4.5
Dodging        | |  1.5

Action                     |  1- 3 |  4- 6 |  7- 9 | 10-12 | 13-15 | 16-18 || total
---------------------------+-------+-------+-------+-------+-------+-------++-------
  Melee: Hand axe          |    76 |   151 |   296 |       |       |       ||   523
         Punch             |       |     1 |     2 |       |       |       ||     3
         Battleaxe         |       |       |     8 |   470 |  1026 |    90 ||  1594
         Maw               |       |       |       |       |     9 |       ||     9
 Invoke: Berserk           |     2 |     7 |     4 |    10 |    27 |     1 ||    51
         Trog's Hand       |       |       |     1 |     1 |    10 |     1 ||    13
         Brothers in Arms  |       |       |     1 |     1 |     2 |       ||     4
  Evoke: Wand              |       |       |       |       |    40 |       ||    40
    Use: Scroll            |       |     5 |     6 |    10 |    17 |     1 ||    39
         Potion            |       |       |       |     1 |    14 |     4 ||    19
   Stab: Distracted        |       |       |     1 |       |       |       ||     1
         Petrified         |       |       |       |    14 |       |       ||    14
         Invisible         |       |       |       |       |     2 |       ||     2
 Armour: Animal skin       |     8 |       |       |       |       |       ||     8
         Plate armour      |    46 |   146 |   200 |   494 |  1112 |   102 ||  2100
         Skin              |       |       |       |       |    39 |       ||    39
  Dodge: Dodged            |    23 |    39 |    66 |   177 |   375 |    36 ||   716
         Form:             |       |       |       |       |     1 |       ||     1
         Maw               |       |       |       |       |     1 |       ||     1

Table legend: (Time is in decaauts)
 A = Elapsed time spent in this place.
 B = Non-inter-level travel time spent in this place.
 C = Inter-level travel time spent in this place.
 D = Time resting spent in this place.
 E = Time spent auto-exploring this place.
 F = Levels seen in this place.
 G = Mean time per level.
                   A        B        C        D        E       F      G
               +--------+--------+--------+--------+--------+-----+--------+
         Total |  26419 |  25644 |    775 |   8535 |  12313 |  24 | 1100.8 |
       Dungeon |  11517 |  11114 |    403 |   2680 |   6475 |  12 |  959.8 |
          Lair |   9570 |   9318 |    252 |   3839 |   3861 |   5 | 1914.0 |
   Spider Nest |   2078 |   1989 |     89 |    889 |    701 |   3 |  692.7 |
  Orcish Mines |   2286 |   2257 |     29 |    935 |    794 |   2 | 1143.0 |
       Ossuary |    605 |    605 |      0 |     26 |    442 |   1 |  605.0 |
      Ice Cave |    361 |    361 |      0 |    165 |     40 |   1 |  361.0 |
               +--------+--------+--------+--------+--------+-----+--------+

Top non-repeatable levels by time:
  Lair:5: 2504 daAuts
  Lair:2: 2123 daAuts
  Lair:3: 1944 daAuts
  Lair:1: 1836 daAuts
Spider:1: 1649 daAuts
     D:8: 1306 daAuts
    D:10: 1232 daAuts
     D:7: 1203 daAuts
   Orc:1: 1199 daAuts
  Lair:4: 1162 daAuts
     D:2: 1127 daAuts
   Orc:2: 1087 daAuts
     D:6: 1079 daAuts
     D:3: 942 daAuts
     D:1: 882 daAuts
